 Dungeon Crawl Stone Soup version 0.17-a0-1485-g22cb0ee (webtiles) character file.

151 abixa the Cudgeler (level 5, -2/38 HPs)
             Began as a Human Gladiator on July 5, 2015.
             Slain by a giant gecko (4 damage)
             ... on level 3 of the Dungeon.
             The game lasted 00:05:08 (2466 turns).

abixa the Cudgeler (Human Gladiator)                Turns: 2466, Time: 00:05:08

Health: -2/38      AC:  7    Str: 15    XL:     5   Next: 59%
Magic:  5/5        EV: 10    Int:  9    God:
Gold:   160        SH:  0    Dex: 14    Spells: 0 memorised, 4 levels left

rFire  . . .     SeeInvis .     B - -2 flail (curse)
rCold  . . .     Clarity  .     C - +0 scale mail
rNeg   . . .     SustAt   .     (no shield)
rPois  .         Gourm    .     c - +0 helmet
rElec  .         Spirit   .     (no cloak)
rCorr  .         Warding  .     (no gloves)
rMut   .         Stasis   .     (no boots)
MR     .....                    (no amulet)
Stlth  ..........               (no ring)
                                (no ring)

@: not resistant to hostile enchantments, extremely unstealthy
A: no striking features
a: no special abilities


You were on level 3 of the Dungeon.
You were not hungry.

You visited 1 branch of the dungeon, and saw 3 of its levels.

You collected 160 gold pieces.

Inventory:

Hand weapons
 a - a +0 flail
 j - a +0 spear
 B - a cursed -2 flail (weapon)
 E - a +0 hunting sling
Missiles
 b - 9 bolts
 d - 3 throwing nets (quivered)
 h - 63 sling bullets
 l - 6 javelins
 m - 103 stones
 o - 24 arrows of flame
 u - 19 poisoned needles
 w - 23 arrows
 D - 7 tomahawks of returning
Armour
 c - a +0 helmet (worn)
 C - a +0 scale mail (worn)
Scrolls
 f - 7 scrolls of identify {unknown}
 g - a scroll of enchant armour {unknown}
 i - a scroll of random uselessness {unknown}
 k - 2 scrolls of recharging {unknown}
 n - 2 scrolls of blinking {unknown}
 q - a scroll of enchant weapon {unknown}
 r - a scroll of amnesia {unknown}
 x - 2 scrolls of noise {unknown}
 y - a scroll of teleportation {unknown}
Potions
 p - 2 potions of flight {unknown}
 s - 2 potions of agility {unknown}
 t - 2 potions of curing {unknown}
 z - a potion of haste {unknown}
 A - a potion of cure mutation {unknown}
Comestibles
 e - 2 bread rations
 v - 2 beef jerkies


   Skills:
 - Level 2.0 Fighting
 + Level 5.8 Maces & Flails
 - Level 2.0 Throwing
 - Level 3.0 Dodging


You had 4 spell levels left.
You didn't know any spells.

Dungeon Overview and Level Annotations

Branches:
Dungeon (3/15)

Altars:

Annotations:
D:3 Grinder; urechis's ghost, average OpFi


Message History

You barely miss the giant gecko.
The giant gecko is severely wounded.
The giant gecko bites you but does no damage.
The worm bites you.
* * * LOW HITPOINT WARNING * * *
You barely miss the giant gecko.
The giant gecko is severely wounded.
The giant gecko bites you but does no damage.
The worm bites you.
* * * LOW HITPOINT WARNING * * *
The giant gecko bites you.
* * * LOW HITPOINT WARNING * * *
The giant gecko bites you but does no damage.
You open the door. The giant gecko barely misses you.
Found an escape hatch in the floor.
All of the chunks of flesh in your inventory have rotted away.
There is an open door here.
A worm comes into view.
The giant gecko bites you.
You die...

##.....###.....#
#.###
..........#######
#....
###....##....####
#####
#....##.......#
#....##.......#####
#.
#....##............
#..# #....
#....w....... ..#..
#..w. #####l#.....
# .# #@#..... #..
#.# . ..# #.# ...
.>. ..... ...w.
......#


You could see 2 worms and a giant gecko.

Vanquished Creatures
  Ijyb (D:2)
  Terence (D:2)
  4 adders
  4 giant geckos
  10 bats
  4 giant cockroaches
  7 goblins
  11 hobgoblins
  3 jackals (D:1)
  A quokka (D:2)
  2 giant newts
  3 kobolds
  10 rats
61 creatures vanquished.

Notes
Turn   | Place    | Note
--------------------------------------------------------------
     0 | D:1      | abixa the Human Gladiator began the quest for the Orb.
     0 | D:1      | Reached XP level 1. HP: 16/16 MP: 1/1
   241 | D:1      | Reached XP level 2. HP: 22/22 MP: 2/2
   643 | D:1      | Reached skill level 4 in Maces & Flails
   643 | D:1      | Reached XP level 3. HP: 27/27 MP: 3/3
  1330 | D:2      | Noticed Ijyb
  1358 | D:2      | Reached XP level 4. HP: 29/33 MP: 4/4
  1431 | D:2      | Killed Ijyb
  1431 | D:2      | Reached skill level 5 in Maces & Flails
  1751 | D:2      | Noticed Terence
  1755 | D:2      | Reached XP level 5. HP: 35/38 MP: 5/5
  1772 | D:2      | Killed Terence
  2088 | D:3      | Noticed urechis's ghost (average OpFi)
  2228 | D:3      | Noticed Grinder
  2461 | D:3      | HP: 1/38 [giant gecko (3)]
  2466 | D:3      | Slain by a giant gecko

Vault maps used:
D:1:      dpeg_arrival_oval
D:2:      uniq_iyjb, uniq_terence
D:3:      kennysheep_the_goblin_king, hex_large, kennysheep_doodads,
          bloody_makhleb, uniq_grinder, uniq_jessica

Action                   |  1- 3 |  4- 6 || total
-------------------------+-------+-------++-------
Melee: Flail             |   106 |   149 ||   255
 Stab: Sleeping          |     2 |       ||     2
  Eat: Chunk             |     1 |     4 ||     5
